 Dungeon Crawl Stone Soup version 0.31-a0-355-g57cb03d3e8 (webtiles) character file.

Game seed: 9533118874917918308

50 randomguy2701 the Chopper (level 3, 0/33 HPs)
             Began as a Hill Orc Monk on July 24, 2023.
             Slain by an orc
             ... wielding a +0 flail
              (2 damage)
             ... on level 3 of the Dungeon.
             The game lasted 00:01:49 (1542 turns).

randomguy2701 the Chopper (Hill Orc Monk)           Turns: 1542, Time: 00:01:52

Health: 0/33       AC:  6    Str: 15    XL:     3   Next: 79%
Magic:  3/3        EV: 12    Int: 10    God:
Gold:   86         SH:  0    Dex: 13    Spells: 2/2 levels left

rFire   . . .        a - +0 hand axe
rCold   . . .        d - orb {light}
rNeg    . . .        b - +0 robe
rPois   .            (no helmet)
rElec   .            (no cloak)
rCorr   .            (no gloves)
SInv    .            (no boots)
Will    .....        (no amulet)
Stlth   +            j - +4 ring of protection
HPRegen 0.25/turn    (no ring)
MPRegen 0.08/turn

%: no passive effects
@: confused, glowing
A: no striking features
a: no special abilities


You were on level 3 of the Dungeon.
You visited 1 branch of the dungeon, and saw 3 of its levels.

You collected 86 gold pieces.

Inventory:

Hand Weapons
 a - a +0 hand axe (weapon)
Armour
 b - a +0 robe (worn)
 d - an orb of light (worn)
Jewellery
 j - a +4 ring of protection (left hand)
Scrolls
 e - a scroll of noise {unknown}
 f - 2 scrolls of identify {unknown}
 g - a scroll of fear {unknown}
 h - a scroll of enchant weapon {unknown}
 k - a scroll of brand weapon {unknown}
Potions
 c - a potion of ambrosia
 i - a potion of curing {unknown}


   Skills:
 + Level 4.2 Fighting
 * Level 5.0 Axes
 + Level 1.1 Armour
 - Level 2.6 Dodging


You had 2 spell levels left.
You didn't know any spells.
Your spell library contained the following spells:

 Spells                   Type           Power      Damage    Failure   Level
 Kiss of Death            Conj/Necr      0%         2d5       36%         1
 Confusing Touch          Hex            0%         N/A       75%         3
 Hailstorm                Conj/Ice       0%         3d3       75%         3
 Dispel Undead            Necr           0%         3d6       98%         4
 Summon Ice Beast         Ice/Summ       0%         N/A       98%         4
 Simulacrum               Ice/Necr       0%         N/A       100%        6


Dungeon Overview and Level Annotations

Branches:
Dungeon (3/15)

Altars:

Annotations:
D:3 Jessica


Message History

The orc is heavily wounded.
The orc hits you with a +0 flail.
You barely miss the orc.
The orc is heavily wounded.
The orc wizard casts a spell at you.
You are confused.
The orc hits you with a +0 flail.
You are too confused!
You are too confused!
You are too confused!
You are too confused!
You are too confused!
You are too confused!
You bump into the rock wall.
Jessica gestures wildly while chanting.
Jessica blinks!
The orc hits you with a +0 flail!
The orc wizard casts a spell.
The orc wizard flickers and vanishes for a moment.
The orc hits you with a +0 flail. The orc attacks as you move away!
The orc hits you but does no damage.
Jessica casts a spell.
Jessica blinks!
The orc attacks as you move away! The orc hits you with a +0 flail.
The orc hits you but does no damage.
Jessica casts a spell.
Jessica blinks!
The orc wizard gestures at you while chanting.
The magic dart hits you.
* * * LOW HITPOINT WARNING * * *
There are monsters nearby!
There are monsters nearby!
There are monsters nearby!
There are monsters nearby!
You barely miss the orc. You closely miss the orc. You barely miss the orc.
The orc hits you but does no damage. The orc wizard casts a spell at you.
The magic dart hits you.
* * * LOW HITPOINT WARNING * * *
The orc hits you with a +0 flail.
You die...

.......### #...........##
.......# ##.......#....
.......## #........#...
..#.....#####......ยง.....
...........# ..........
####..####.# #.........
#.....##.#####.........
#...###..#.....#.o.......
#.## ##...)....@o.......
#. #########.o....##. .
#.o....... ##........
##....... ....... ....?..
...... .....


You could see an orc wizard (invisible) and 3 orcs.

Vanquished Creatures
  A worm (D:2)
  2 dart slugs
  An orc (D:3)
  4 ball pythons
  3 bats
  4 endoplasms
  4 goblins
  6 hobgoblins
  2 jackals (D:1)
  2 quokkas (D:1)
  A frilled lizard (D:2)
  5 kobolds
  5 rats
40 creatures vanquished.

Notes
Turn   | Place    | Note
-------+----------+-------------------------------------------
     0 | D:1      | randomguy2701 the Hill Orc Monk began the quest for the
                  | Orb.
     0 | D:1      | Reached XP level 1. HP: 19/19 MP: 1/1
   234 | D:1      | Reached XP level 2. HP: 16/27 MP: 2/2
   850 | D:2      | Reached XP level 3. HP: 26/33 MP: 3/3
  1168 | D:2      | Reached skill level 1 in Armour
  1279 | D:2      | Reached skill level 5 in Axes
  1535 | D:3      | Noticed Jessica
  1542 | D:3      | Slain by an orc

Illustrated notes

Levels and vault maps discovered:
D:1:      spicycebolla_arrival_ecumenical, layout_loops_ring, minivault_27,
          nicolae_kite_square_tiling_tiny
D:2:      layout_rooms
D:3:      layout_rooms, serial_shops, shop, minmay_fractal_squares_gapless_5,
          uniq_jessica

Skill      XL: |  1  2  3 |
---------------+----------+-----
Fighting       | 4 |  4.2
Armour         | 1 |  1.1
Axes           | 5 |  5.0
Dodging        | |  2.6

Action                     || total
---------------------------++-------
  Melee: Hand axe          ||   103
 Armour: Robe              ||    21
  Dodge: Dodged            ||    41

Table legend: (Time is in decaauts)
 A = Elapsed time spent in this place.
 B = Non-inter-level travel time spent in this place.
 C = Inter-level travel time spent in this place.
 D = Time resting spent in this place.
 E = Time spent auto-exploring this place.
 F = Levels seen in this place.
 G = Mean time per level.
                   A        B        C        D        E       F      G
               +--------+--------+--------+--------+--------+-----+--------+
         Total |   1547 |   1520 |     27 |      0 |   1287 |   3 |  515.7 |
       Dungeon |   1547 |   1520 |     27 |      0 |   1287 |   3 |  515.7 |
               +--------+--------+--------+--------+--------+-----+--------+

Top non-repeatable levels by time:
     D:1: 847 daAuts
     D:2: 589 daAuts
     D:3: 110 daAuts
